 Dungeon Crawl Stone Soup version 0.21.1-1-g345015f (webtiles) character file.

1623 empire the Carver (level 8, -3/66 HPs)
             Began as a Minotaur Fighter on June 1, 2018.
             Was an Elder of Cheibriados.
             Engulfed by a cloud of freezing vapour (16 damage)
             ... on level 6 of the Dungeon.
             The game lasted 00:11:01 (5748 turns).

empire the Carver (Minotaur Fighter)                Turns: 5748, Time: 00:11:02

Health: -3/66      AC: 18    Str: 35    XL:     8   Next: 65%
Magic:  10/10      EV: 11    Int: 15    God:    Cheibriados [****..]
Gold:   319        SH: 12    Dex: 20    Spells: 7/7 levels left

rFire    + . .     SeeInvis .   a - +0 long sword
rCold    . . .     Gourm    .   c - +0 shield
rNeg     . . .     Faith    .   I - +7 scale mail of Cuufyul {*Contam rElec MR++ Str+2}
rPois    .         Spirit   .   (helmet restricted)
rElec    +         Reflect  .   (no cloak)
rCorr    .         Harm     .   i - +1 pair of gloves
MR       ++...                  J - +1 pair of boots
Stlth    ..........             (no amulet)
HPRegen  0.21/turn              y - ring of protection from fire
MPRegen  0.12/turn              (no ring)

@: very slow
A: retaliatory headbutt, horns 2
a: Bend Time, Temporal Distortion, Slouch, Renounce Religion


You were on level 6 of the Dungeon.
You worshipped Cheibriados.
Cheibriados was greatly pleased with you.
You were hungry.

You visited 1 branch of the dungeon, and saw 6 of its levels.
You also visited: Sewer.

You collected 319 gold pieces.

Inventory:

Hand Weapons
 a - a +0 long sword (weapon)
 g - a +0 short sword of draining
 k - a +1 flail of crushing
 o - a +0 dagger of speed
 s - a +1 dagger of venom
 v - a cursed -3 dagger
 w - a +3 club
 A - a +1 vampiric short sword
 G - a +0 falchion of freezing
 K - a +0 whip
 M - a +1 battleaxe of pain
Armour
 c - a +0 shield (worn)
 i - a +1 pair of gloves (worn)
 H - a cursed +0 robe
 I - the +7 scale mail of Cuufyul (worn) {*Contam rElec MR++ Str+2}
   (You found it on level 6 of the Dungeon)

   It affects your strength (+2).
   It insulates you from electricity.
   It affects your resistance to hostile enchantments.
   It causes magical contamination when unequipped.
 J - a +1 pair of boots (worn)
Magical Staves
 x - an uncursed staff of wizardry {unknown}
Jewellery
 y - a ring of protection from fire (left hand)
Wands
 u - a wand of polymorph (14)
Scrolls
 b - 2 scrolls of immolation {unknown}
 h - 2 scrolls of teleportation {unknown}
 m - a scroll of blinking
 B - a scroll of amnesia {unknown}
 C - a scroll of fog
 D - a scroll of magic mapping
 E - 2 scrolls of remove curse
 F - a scroll of random uselessness {unknown}
Potions
 d - 4 potions of might
 j - 3 potions of flight
 l - 6 potions of curing
 n - a potion of magic {unknown}
 q - a potion of agility
 r - 2 potions of resistance
 t - 3 potions of brilliance
 z - a potion of invisibility {unknown}
Comestibles
 f - 6 rations


   Skills:
 - Level 4.0 Fighting
 + Level 9.3 Long Blades
 - Level 4.0 Armour
 - Level 4.1 Dodging
 - Level 4.0 Shields
 - Level 4.1 Invocations
 - Level 4.1 Evocations


You had 7 spell levels left.
You didn't know any spells.

Dungeon Overview and Level Annotations

Branches:
Dungeon (6/15)
 Temple: D:4-7

Altars:
Cheibriados
Fedhas
Qazlal
Xom

Annotations:
D:6 1 transporter


Innate Abilities, Weirdness & Mutations

You reflexively headbutt those who attack you in melee.
You have a pair of horns on your head.


Message History

As you read the scroll of enchant armour, it crumbles to dust.
Your +0 pair of boots glows green for a moment.
Okay, then.
Really walk into a travel-excluded area?
You are engulfed in freezing vapours.
Ouch! That really hurt!
* * * LOW HITPOINT WARNING * * *
There is an open gate here.
You start resting.
HP restored.
Really walk into a travel-excluded area?
You are engulfed in freezing vapours.
There is an open gate here.
You are engulfed in freezing vapours.
You are engulfed in freezing vapours.
* * * LOW HITPOINT WARNING * * *
You feel much better.
You are engulfed in freezing vapours.
* * * LOW HITPOINT WARNING * * *
You are engulfed in freezing vapours.
You die...

# #.# ##.##.#..(#.###......#.## #
#.# #..##.###.#.# #.##....... #
#.# #.###.# #.#.###.##.###.## #
#.# #.# #######.....##.# #.# #
#.###.###§§§§§########.# #.## #
#.......#§§§§§#§§§§§§#.###... #
#####.###§§§§§#§§§§§§#.##.###
########....#[$.§§§.#.#§§#.......
.....>.....©#©?.@§§...©§§#©.....#
.#######....#$$.§§§.#.#§.#.....##
.# ##.###§§§§§#§§§§§§#....### .#
##...##§§§§§#§§§§§.#.#.## # .#
#.....#§§§§§########.#.#### .#
#.....#######'# #....#....# .#
#.....# #.# #.#######.. .#
##...## #.# #....#....# ## #.###
##.######.#.####


There were no monsters in sight!

Vanquished Creatures
  The ghost of kae the Insei, an amateur GnTm (D:4)
  Edmund (D:4)
  3 ice beasts (D:6)
  A sky beast (D:6)
  2 ogres (D:5)
  2 bullfrogs (D:6)
  A scorpion (D:6)
  A crimson imp (D:6)
  A hound (D:4)
  A centaur skeleton (D:4)
  A bullfrog skeleton (D:6)
  Terence (D:3)
  Natasha (thrice) (D:3)
  2 worker ants
  Robin (D:3)
  8 gnolls (D:6)
  16 adders
  A river rat (D:5)
  A shadow imp (D:6)
  3 adder skeletons
  2 worms
  3 dart slugs
  5 leopard geckos
  9 orcs
  6 ball pythons
  4 giant cockroaches
  19 goblins
  11 hobgoblins
  17 jackals
  5 kobolds
  6 bats
  11 frilled lizards
  A quokka skeleton (D:4)
  7 rats
157 creatures vanquished.

Notes
Turn   | Place    | Note
-------+----------+-------------------------------------------
     0 | D:1      | empire the Minotaur Fighter began the quest for the Orb.
     0 | D:1      | Reached XP level 1. HP: 19/19 MP: 0/0
    94 | D:1      | Reached XP level 2. HP: 27/27 MP: 1/1
   309 | D:1      | Reached skill level 3 in Long Blades
   505 | D:1      | Reached XP level 3. HP: 32/33 MP: 2/2
   579 | D:1      | Reached skill level 1 in Dodging
   923 | D:2      | Found a shimmering altar of Xom.
   923 | D:2      | Found a stormy altar of Qazlal.
   924 | D:2      | Found a snail-covered altar of Cheibriados.
   962 | D:2      | Became a worshipper of Cheibriados the Contemplative
  1475 | D:2      | Reached XP level 4. HP: 40/40 MP: 3/3
  1716 | D:3      | Found a blossoming altar of Fedhas.
  1729 | D:3      | Reached skill level 4 in Long Blades
  1745 | D:3      | Noticed Robin
  1750 | D:3      | Reached * piety under Cheibriados
  1761 | D:3      | Killed Robin
  1781 | D:3      | Noticed Natasha
  1787 | D:3      | Killed Natasha
  1907 | D:3      | Noticed Terence
  1910 | D:3      | Killed Terence
  1910 | D:3      | Reached skill level 1 in Invocations
  1910 | D:3      | Reached skill level 1 in Evocations
  1910 | D:3      | Reached XP level 5. HP: 45/46 MP: 4/4
  2040 | D:3      | Noticed Natasha
  2043 | D:3      | Killed Natasha
  2043 | D:3      | Reached skill level 5 in Long Blades
  2084 | D:3      | Reached ** piety under Cheibriados
  2122 | D:3      | Noticed Natasha
  2129 | D:3      | Killed Natasha
  2428 | D:4      | Noticed Edmund
  2430 | D:4      | Reached XP level 6. HP: 52/52 MP: 6/6
  2443 | D:4      | Killed Edmund
  2464 | D:4      | Noticed kae's ghost (amateur GnTm)
  2477 | D:4      | Killed kae's ghost
  2477 | D:4      | Reached skill level 6 in Long Blades
  2477 | D:4      | Reached XP level 7. HP: 4/59 MP: 7/7
  3486 | D:5      | Entered Level 5 of the Dungeon
  3614 | D:5      | Found a glowing drain.
  3620 | Sewer    | Entered a sewer
  3725 | Sewer    | Reached *** piety under Cheibriados
  4288 | D:5      | Reached skill level 7 in Long Blades
  4626 | D:6      | Got a jewelled scale mail
  4627 | D:6      | Identified the +7 scale mail of Cuufyul {*Contam rElec MR++ Str+2} (You found it on level 6 of the Dungeon)
  4726 | D:6      | Reached **** piety under Cheibriados
  4790 | D:6      | Reached XP level 8. HP: 60/66 MP: 9/9
  4920 | D:6      | Found a transporter.
  4948 | D:6      | Found a blossoming altar of Fedhas.
  4964 | D:6      | Found a transporter.
  5124 | D:6      | Reached skill level 8 in Long Blades
  5469 | D:6      | Reached skill level 9 in Long Blades
  5748 | D:6      | Engulfed by a cloud of freezing vapour

Skill      XL: |  1  2  3  4  5  6  7  8 |
---------------+-------------------------+-----
Long Blades    | 3 4 5 6 7 9 |  9.3
Shields        | 4 |  4.0
Armour         | 4 |  4.0
Dodging        | 1 2 3 4 |  4.1
Fighting       | 4 |  4.0
Invocations    | 1 2 3 4 |  4.1
Evocations     | 1 2 3 4 |  4.1

Action                   |  1- 3 |  4- 6 |  7- 9 || total
-------------------------+-------+-------+-------++-------
Melee: Long sword        |    78 |   106 |   143 ||   327
       Headbutt          |    13 |    29 |    41 ||    83
  Use: Scroll            |       |     2 |    11 ||    13
       Potion            |       |     3 |     1 ||     4
  Eat: Chunk             |     2 |     3 |     4 ||     9
Armor: Scale mail        |    50 |    57 |    66 ||   173
Dodge: Dodged            |    37 |    49 |    72 ||   158
Block: Shield            |    54 |    79 |   108 ||   241
       Rpst.: Long sword |    11 |    14 |    17 ||    42
